 Dungeon Crawl Stone Soup version 0.24-a0-584-g9d6b971ae4 (webtiles) character file.

Game seed: 2595170064018450508, levelgen mode: deterministic

2521 BigAxe the Cleaver (level 9, -3/69 HPs)
             Began as a Human Berserker on Sept 6, 2019.
             Was an Elder of Trog.
             Slain by a purple ugly thing (7 damage)
             ... on level 6 of the Dungeon.
             The game lasted 00:23:12 (6617 turns).

BigAxe the Cleaver (Human Berserker)                Turns: 6617, Time: 00:23:12

Health: -3/69      AC: 14    Str: 20    XL:     9   Next: 84%
Magic:  17/17      EV: 12    Int:  7    God:    Trog [****..]
Gold:   392        SH:  0    Dex: 14    Spells: 8/8 levels left

rFire    . . .     SeeInvis .   y - +0 long sword (slice)
rCold    + + .     Gourm    .   (no shield)
rNeg     . . .     Faith    .   s - +4 scale mail
rPois    .         Spirit   .   (no helmet)
rElec    .         Reflect  .   l - scarf {rC+ rF+}
rCorr    .         Harm     .   w - +0 pair of gloves
MR       .....                  x - +0 pair of boots
Stlth    ..........             (no amulet)
HPRegen  0.21/turn              e - ring of magical power
MPRegen  0.15/turn              m - ring of ice

@: lethally poisoned (-3 -> -3), berserk cooldown, slowed, very slow
A: hooves 1, low mp 1, MP-powered wands
a: Berserk, Trog's Hand, Brothers in Arms, Renounce Religion


You were on level 6 of the Dungeon.
You worshipped Trog.
Trog was greatly pleased with you.
You were near starving.

You visited 1 branch of the dungeon, and saw 7 of its levels.

You collected 392 gold pieces.

Inventory:

Hand Weapons
 a - a +1 hand axe
 f - a +1 short sword of flaming
 y - a +0 long sword of slicing (weapon)
Armour
 g - a +2 scale mail of magic resistance
 l - a scarf of resistance (worn)
 s - a +4 scale mail (worn)
 u - a +0 chain mail
 w - a +0 pair of gloves (worn)
 x - a +0 pair of boots (worn)
Jewellery
 e - a ring of magical power (left hand)
 m - a ring of ice (right hand)
Wands
 t - a wand of disintegration (11)
 v - a wand of polymorph (7)
 z - a wand of random effects (10)
 A - a wand of enslavement (4)
Scrolls
 b - 3 scrolls of magic mapping
 d - 3 scrolls of remove curse
 i - 2 scrolls of noise
 n - 8 scrolls of identify
 q - a scroll of fog
 r - 4 scrolls of teleportation
Potions
 j - a potion of lignification
 k - 3 potions of agility
 o - 6 potions of curing
 p - a potion of ambrosia
Comestibles
 c - 15 rations


   Skills:
 + Level 6.1 Fighting
 + Level 2.2 Long Blades
 + Level 8.5 Axes
 + Level 6.4 Armour
 + Level 4.9 Dodging
 + Level 1.1 Stealth


You had 8 spell levels left.
You didn't know any spells.
Your spell library was empty.

Dungeon Overview and Level Annotations

Branches:
Dungeon (7/15)             Temple (0/1) D:4

Altars:
Cheibriados
Elyvilon
Gozag
Hepliaklqana
Nemelex Xobeh
Okawaru
Qazlal
Ru
Wu Jian
Zin
The Shining One

Shops:
D:6 *


Innate Abilities, Weirdness & Mutations

You have large cloven feet.
Your magical capacity is low. (-10% MP)
You expend magic power (3 MP) to strengthen your wands.


Message History

The big kobold hits you but does no damage.
The purple ugly thing headbutts you but does no damage.
The kobold misses you. The kobold hits you but does no damage.
Your ogre barely misses the purple ugly thing. x2
You feel sick.
Your ogre closely misses the purple ugly thing.
Your ogre hits the purple ugly thing with a +0 giant club!!
The purple ugly thing headbutts you but does no damage.
The kobold hits you but does no damage.
The big kobold hits you but does no damage.
The kobold hits your ogre but does no damage.
Your ogre barely misses the kobold.
Your ogre hits the kobold with a +0 giant club!!
The kobold dies!
Trog accepts your kill.
The purple ugly thing completely misses you.
The kobold closely misses you.
You open the door. The big kobold misses you.
The purple ugly thing headbutts you!
You die... #.......:.### ##(## #PPPPPPP #.###.##.## #.# #P.....P #.# #.##.# #.# ##P.P.PPP

#.# #.#..# ##+## #...P...P
#.# #....# ##...###.P.P.PPP
#.# ###..# ##.....##.P.P...P
#.# ##...# ##.........P.PPP.P
#.###....###....>....#P.P....
#..........'@uO......+PPP.PPP
#####...####KK)......#P.....P
#.........#.......##PPPPPPP
#.###.###.##..>..######...#
#.###.#_#.###...## #.....
#.##..#'#.# ##'## ##...#
#.##.##.#.# #.# ##.##
#.......#.# #.# #.#
#.........# ##.#########.#


You could see a purple ugly thing, a big kobold, a kobold and a friendly ogre
(berserk).

Vanquished Creatures
  Sigmund (D:4)
  A human (D:7)
  A yak (D:7)
  3 hogs (D:7)
  An ice beast (D:5)
  2 phantoms
  2 centaurs (D:5)
  2 bullfrogs (D:6)
  A water moccasin skeleton (D:6)
  3 wights (D:7)
  A howler monkey (D:7)
  6 crimson imps
  3 hounds
  A centaur zombie (D:5)
  2 bullfrog zombies
  A bullfrog skeleton (D:5)
  2 orc priests (D:5)
  Jessica (D:2)
  An iguana (D:6)
  2 orc wizards
  A worker ant (D:4)
  A hound zombie (D:7)
  A hound skeleton (D:6)
  3 gnolls (D:5)
  A howler monkey skeleton (D:6)
  9 adders
  2 shadow imps
  An ooze (D:4)
  An adder skeleton (D:4)
  An adder zombie (D:7)
  2 worms
  2 dart slugs (D:2)
  2 leopard geckos (D:6)
  19 orcs
  9 bats
  4 giant cockroaches
  4 goblins
  8 hobgoblins
  20 jackals
  3 quokkas
  3 ball pythons
  6 frilled lizards
  2 jackal skeletons
  12 kobolds
  A leopard gecko skeleton (D:4)
  A leopard gecko zombie (D:6)
  8 rats
164 creatures vanquished.

Vanquished Creatures (collateral kills)
  A kobold (D:6)
1 creature vanquished.

Grand Total: 165 creatures vanquished

Notes
Turn   | Place    | Note
-------+----------+-------------------------------------------
     0 | D:1      | BigAxe the Human Berserker began the quest for the Orb.
     0 | D:1      | Reached XP level 1. HP: 18/18 MP: 1/1
   230 | D:1      | Reached XP level 2. HP: 19/24 MP: 2/2
   875 | D:2      | Reached XP level 3. HP: 29/29 MP: 3/3
   888 | D:2      | Reached ** piety under Trog
  1317 | D:2      | Noticed Jessica
  1395 | D:2      | Found a stormy altar of Qazlal.
  1404 | D:2      | Killed Jessica
  1404 | D:2      | Reached XP level 4. HP: 23/35 MP: 4/4
  1587 | D:2      | Reached skill level 4 in Axes
  2394 | D:3      | Found a sparkling altar of Nemelex Xobeh.
  2551 | D:3      | Reached XP level 5. HP: 41/41 MP: 5/5
  2810 | D:3      | Found an ornate altar of the Wu Jian Council.
  2932 | D:3      | Reached *** piety under Trog
  3351 | D:3      | Gained mutation: Your magical capacity is low. (-10% MP)
                  | [potion of mutation]
  3351 | D:3      | Gained mutation: You expend magic power (3 MP) to
                  | strengthen your wands. [potion of mutation]
  3351 | D:3      | Gained mutation: You have large cloven feet. [potion of
                  | mutation]
  3387 | D:4      | Reached XP level 6. HP: 40/48 MP: 5/5
  3431 | D:4      | Found an iron altar of Okawaru.
  3490 | D:4      | Noticed Sigmund
  3506 | D:4      | Killed Sigmund
  3506 | D:4      | Reached skill level 5 in Axes
  3506 | D:4      | Reached XP level 7. HP: 53/54 MP: 6/6
  3515 | D:4      | Found a staircase to the Ecumenical Temple.
  3839 | D:4      | Found a snail-covered altar of Cheibriados.
  3908 | D:5      | Entered Level 5 of the Dungeon
  3913 | D:5      | Reached skill level 6 in Axes
  4040 | D:5      | Reached XP level 8. HP: 61/61 MP: 7/7
  4127 | D:5      | Reached **** piety under Trog
  4303 | D:5      | Reached skill level 7 in Axes
  4348 | D:5      | Reached skill level 5 in Fighting
  4408 | D:5      | Found a glowing golden altar of the Shining One.
  4412 | D:5      | Found an opulent altar of Gozag.
  4418 | D:5      | Found a white marble altar of Elyvilon.
  4976 | D:6      | Found Zin's Purification Station.
  4979 | D:6      | Found a glowing silver altar of Zin.
  5427 | D:6      | Found a hazy altar of Hepliaklqana.
  5511 | D:6      | Reached XP level 9. HP: 57/68 MP: 8/8
  5620 | D:6      | Reached skill level 8 in Axes
  5644 | D:6      | Reached skill level 5 in Armour
  5896 | D:7      | Found a sacrificial altar of Ru.
  5973 | D:7      | Reached skill level 1 in Stealth
  5995 | D:7      | Reached ***** piety under Trog
  6222 | D:7      | Reached skill level 1 in Long Blades
  6537 | D:7      | Found an opulent altar of Gozag.
  6579 | D:7      | Noticed a purple ugly thing
  6599 | D:7      | Received a gift from Trog
  6617 | D:6      | Slain by a purple ugly thing

Levels and vault maps discovered:
D:1:      lightli_iron_boxes, layout_loops_ring
D:2:      layout_loops_ring, nicolae_overflow_crystal_walls,
          grunt_decor_fettered, uniq_jessica
D:3:      layout_basic, marbit_many_paths, nemelex_altar_shiori
D:4:      layout_rooms, old_standard_altar, okawaru_trees_1,
          minmay_temple_entry_slanted, first_ration, uniq_sigmund
D:5:      layout_loops_corners, grunt_temple_overflow_open
D:6:      layout_loops_corners, zin_purify, kennysheep_mini,
          minmay_misc_feat_hallway, minmay_hedge_maze
D:7:      layout_cave_pods, lemuel_round_altar, dancing_weapons_uskayaw,
          grunt_livestock, grunt_gozag_breadcrumbs

Skill      XL: |  1  2  3  4  5  6  7  8  9 |
---------------+----------------------------+-----
Axes           | 4 5 6 7 8 |  8.5
Dodging        | 3 4 |  4.9
Fighting       | 4 5 6 |  6.1
Armour         | 3 4 6 |  6.4
Stealth        | 1 |  1.1
Long Blades    | 2 |  2.2

Action                   |  1- 3 |  4- 6 |  7- 9 || total
-------------------------+-------+-------+-------++-------
Melee: Hand axe          |   112 |   187 |   376 ||   675
       Long sword        |       |       |    59 ||    59
Invok: Berserk           |     1 |       |     3 ||     4
       Trog's Hand       |     1 |     1 |       ||     2
       Brothers in Arms  |       |       |     1 ||     1
  Use: Scroll            |     4 |     5 |       ||     9
       Potion            |     4 |     3 |     3 ||    10
 Stab: Sleeping          |     1 |       |       ||     1
  Eat: Chunk             |     2 |     7 |    10 ||    19
       Ration            |       |       |     1 ||     1
Armor: Animal skin       |    11 |       |       ||    11
       Leather armour    |    38 |     3 |       ||    41
       Scale mail        |       |    70 |   201 ||   271
Dodge: Dodged            |   117 |   134 |   236 ||   487
       Rpst.: Long sword |       |       |    14 ||    14

Table legend:
 A = Non-vault XP
 B = Vault XP
 C = Vault XP percentage of total XP
 D = Non-vault monster count
 E = Vault monster count
 F = Vault count percentage of total count
                 A         B        C        D         E       F
            +---------+---------+-------+---------+---------+-------
      Total |    2341 |    1261 |  35.0 |     157 |       8 |   4.8
            +---------+---------+-------+---------+---------+-------
        D:1 |      20 |       0 |   0.0 |      13 |       0 |   0.0
        D:2 |      70 |      37 |  34.6 |      30 |       1 |   3.2
        D:3 |     108 |       1 |   0.9 |      29 |       1 |   3.3
        D:4 |     248 |     220 |  47.0 |      17 |       1 |   5.6
        D:5 |     985 |       0 |   0.0 |      29 |       0 |   0.0
        D:6 |     490 |       0 |   0.0 |      24 |       0 |   0.0
        D:7 |     420 |    1003 |  70.5 |      15 |       5 |  25.0
            +---------+---------+-------+---------+---------+-------
